 Dungeon Crawl Stone Soup version 0.26-a0-291-g3d11bbfad5 (webtiles) character file.

Game seed: 15920525658664796574

241961 Misa the Warrior (level 19, -5/136 HPs)
             Began as a Gargoyle Berserker on July 14, 2020.
             Was a High Priest of Trog.
             Splashed by a deep elf sorcerer's acid (12 damage)
             ... on level 3 of the Elven Halls.
             The game lasted 03:29:05 (41392 turns).

Misa the Warrior (Gargoyle Berserker)              Turns: 41392, Time: 03:29:06

Health: -5/136     AC: 38    Str: 30    XL:     19   Next: 82%
Magic:  18/19      EV: 10    Int:  8    God:    Trog [*****.]
Gold:   1344       SH:  0    Dex: 12    Spells: 18/18 levels left

rFire    + . .     SeeInvis .   M - +6 executioner's axe (distort)
rCold    + . .     Faith    .   (shield currently unavailable)
rNeg     + . .     Spirit   .   x - +1 chain mail of Decompression {rF+ rC+ MR+ Str-5}
rPois    ∞         Reflect  .   t - +2 helmet
rElec    +         Harm     .   G - +0 cloak
rCorr    .                      d - +1 pair of gloves {Dex+3}
MR       +++++                  H - +2 pair of boots
Stlth    ..........             U - amulet of regeneration
HPRegen  1.72/turn              E - +6 ring of strength
MPRegen  0.16/turn              V - ring of protection from magic

@: corroded, berserk cooldown, flying, very slightly contaminated, regenerating,
slowed, very slow
A: big wings, negative energy resistance 1, electricity resistance, unbreathing,
petrification resistance, rot immunity, AC +14
}: 1/15 runes: serpentine
a: Stop Flying, Berserk, Trog's Hand, Brothers in Arms, Renounce Religion


You were on level 3 of the Elven Halls.
You worshipped Trog.
Trog was extremely pleased with you.
You visited 7 branches of the dungeon, and saw 34 of its levels.

You collected 2941 gold pieces.
You spent 1597 gold pieces at shops.

Inventory:

Hand Weapons
 M - a +6 executioner's axe of distortion (weapon)
Armour
 d - a +1 pair of gloves of dexterity (worn)
 j - the +0 ring mail "Damnable Contraption" {rElec rC+ MR+}
   (You bought it in a shop on level 2 of the Orcish Mines)

   It protects you from cold.
   It insulates you from electricity.
   It affects your resistance to hostile enchantments.
 t - a +2 helmet (worn)
 u - a +1 plate armour of fire resistance
 x - the +1 chain mail of Decompression (worn) {rF+ rC+ MR+ Str-5}
   (You bought it in a shop on level 8 of the Dungeon)

   It affects your strength (-5).
   It protects you from fire.
   It protects you from cold.
   It affects your resistance to hostile enchantments.
 G - a +0 cloak (worn)
 H - a +2 pair of boots (worn)
Jewellery
 a - a +6 ring of intelligence
 o - an uncursed amulet of reflection
 s - an uncursed ring of protection from fire
 D - an uncursed ring of see invisible
 E - a +6 ring of strength (left hand)
 U - an amulet of regeneration (around neck)
 V - a ring of protection from magic (right hand)
Wands
 L - a wand of digging (7)
Scrolls
 c - 15 scrolls of teleportation
 f - 10 scrolls of identify
 g - 5 scrolls of fog
 i - 11 scrolls of remove curse
 k - 3 scrolls of noise
 m - a scroll of brand weapon
 q - 2 scrolls of blinking
 r - 7 scrolls of magic mapping
 y - a scroll of silence
 A - 6 scrolls of fear
 N - 3 scrolls of enchant armour
 W - a scroll of summoning
Potions
 b - a potion of magic
 e - 12 potions of curing
 h - 6 potions of berserk rage
 n - 3 potions of stabbing
 p - 2 potions of invisibility
 z - 3 potions of heal wounds
 B - 2 potions of cancellation
 C - 4 potions of haste
 F - 3 potions of might
 O - 5 potions of resistance


   Skills:
 + Level 20.6 Fighting
 + Level 18.0(18.6) Axes
   Level 8.9(14.5) Polearms
 + Level 19.2 Armour
 + Level 1.8 Dodging


You had 18 spell levels left.
You didn't know any spells.
Your spell library was empty.

Dungeon Overview and Level Annotations

Branches:
Dungeon (15/15)            Temple (0/1) D:4            Lair (6/6) D:11
  Swamp (2/4) Lair:2        Snake (4/4) Lair:3        Slime (0/5) Lair:6
    Orc (2/2) D:10            Elf (3/3) Orc:2        Vaults (0/5) D:13
 Depths (2/5) D:15

Altars:
Ashenzari
Cheibriados
Dithmenos
Elyvilon
Fedhas
Gozag
Makhleb
Nemelex Xobeh
Trog
Vehumet
Xom
Yredelemnul
Zin
The Shining One
Beogh

Shops:
D:8 [   Orc:2 :=*[   Elf:1 *   Elf:3 ?

Portals:
Hell: Lair:6

Annotations:
D:11 3 runed translucent doors, exclusion: 3 doors, harlaan's ghost, novice DESu
Lair:6 exclusions: 2 oklob plants and 3 more exclusions
Swamp:1 exclusion: downstairs
Swamp:2 Frances


Innate Abilities, Weirdness & Mutations

You are resistant to torment.
Your stone body is resilient. (AC +14)
You are immune to poison.
Your large and strong wings let you fly indefinitely.
You resist negative energy. (rN+)
You are resistant to electric shocks. (rElec)
You can survive without breathing.
You are immune to petrification.
You are immune to rotting.


Message History

You feel yourself slow down.
The deep elf high priest prays.
The deep elf high priest barely misses you.
You slice the deep elf high priest!!
Space bends around the deep elf high priest.
You kill the deep elf high priest!
Trog accepts your kill.
Your Axes skill increases to level 18!
The deep elf sorcerer hits you but does no damage.
The deep elf annihilator gestures wildly while chanting.
The deep elf annihilator blinks!
The deep elf sorcerer hits you with the +8 great sword "Upteroam" {antimagic, +Inv rN+ Int+2}.
* * * LOW HITPOINT WARNING * * *
You feel your power leaking away.
You closely miss the deep elf sorcerer.
The deep elf sorcerer is severely wounded.
The deep elf sorcerer gestures at you while chanting.
The bolt of acid hits you but does no damage.
The acid corrodes you!
You are splashed with acid!
You die...

..# #.....# .## ####### .# ##
######### #### #.......# #..###
#.∩.....# #....#
##########....§#############.....
.........'e...)e@.)........(.....
###########.[.############(......
##'...# #(((.... ##.##.##
#([<)).) ##.###.# #()[)... ##.##
### #.(().e. ##.## ##[..)(.
#####.## #.....( #...'## #####..


You could see a deep elf annihilator (empowered) and a deep elf sorcerer (fast).

Vanquished Creatures
  2 deep elf blademasters (Elf:2)
  A deep elf master archer (Elf:3)
  An acid blob (Depths:1)
  Kirke (Lair:5)
  An azure jelly (Depths:1)
  12 nagarajas
  7 deep elf elementalists
  A deep elf sorcerer (Elf:3)
  An orc warlord (Orc:2)
  4 very ugly things
  Nessos (Lair:5)
  4 deep elf annihilators
  An ettin (Orc:2)
  3 deep elf death magi
  6 deep elf high priests
  2 ogre magi (D:13)
  11 hydras
  Harold (Lair:2)
  2 ice dragons (D:15)
  A shambling mangrove (Swamp:1)
  14 naga warriors
  3 vault guards (D:13)
  A catoblepas (Lair:6)
  5 centaur warriors
  7 two-headed ogres
  22 dancing weapons
  3 alligators (Swamp:1)
  10 anacondas
  A tengu warrior (D:15)
  5 orc high priests (Orc:2)
  15 naga sharpshooters
  6 shock serpents
  14 deep elf knights
  Urug (D:12)
  A sun demon (Lair:6)
  2 salamander mystics (Snake:2)
  8 sea snakes (Snake:4)
  8 naga ritualists
  An unseen horror (D:14)
  A wizard (Lair:6)
  16 deep elf archers
  A large abomination (Elf:3)
  6 orc knights
  48 deep elf magi
  3 orc sorcerers (Orc:2)
  4 mana vipers
  3 cyclopes
  6 ugly things
  13 elephants
  4 manticores
  A black mamba (shapeshifter) (D:14)
  Maurice (D:13)
  10 salamanders
  33 black mambas
  14 naga magi
  11 guardian serpents
  Maggie (Lair:2)
  A smoke demon (Lair:6)
  An orange demon (Lair:6)
  2 gargoyles
  8 rime drakes
  13 cane toads
  10 komodo dragons
  2 ice devils (Lair:6)
  2 yaktaurs
  3 red devils (Lair:6)
  A polar bear (Lair:6)
  2 tyrant leeches (Swamp:1)
  3 hornets
  9 blink frogs
  3 trolls
  13 hippogriffs
  4 water elementals
  2 vampires
  2 air elementals
  3 wyverns
  3 wraiths
  49 yaks
  2 shadows (D:13)
  A human (D:13)
  2 fire elementals
  4 basilisks
  3 hogs (Lair:5)
  6 wargs
  71 nagas
  3 acid dragons
  3 swamp worms (Lair:2)
  3 hell hounds (Lair:6)
  10 porcupines
  16 water moccasins
  2 sky beasts
  2 swamp drakes (Swamp:1)
  5 black bears
  3 ice beasts
  40 orc warriors
  An eye of draining (D:12)
  14 ogres
  4 phantoms
  25 centaurs
  12 crocodiles
  4 big kobolds
  11 bullfrogs
  A gnoll sergeant (D:7)
  A wyvern skeleton (D:11)
  5 earth elementals
  2 scorpions
  4 killer bees (D:13)
  18 wights
  8 howler monkeys
  4 centaur zombies
  A lava snake (Lair:4)
  A quasit (D:10)
  A bullfrog skeleton (D:7)
  2 gnoll shamans (D:7)
  3 jellies
  28 orc priests
  10 hounds
  Jessica (D:2)
  A centaur skeleton (D:8)
  3 iguanas
  11 worker ants
  18 orc wizards
  3 hound skeletons
  2 worker ant zombies (D:5)
  Robin (D:4)
  10 gnolls
  13 adders
  A howler monkey skeleton (D:4)
  A white imp (D:9)
  An adder zombie (D:10)
  2 adder skeletons
  A dart slug (D:1)
  4 leopard geckos
  83 orcs
  2 ball pythons (D:4)
  7 goblins
  14 hobgoblins
  7 jackals
  4 quokkas
  7 bats
  4 frilled lizards
  A jackal skeleton (D:4)
  30 kobolds
  10 rats
  4 crawling corpses
  9 fungi
  4 plants
1097 creatures vanquished.

Vanquished Creatures (collateral kills)
  Asterion (Snake:2)
  A dancing weapon (Elf:2)
  A deep elf knight (Elf:2)
  A guardian serpent (Snake:4)
  A naga mage (Snake:4)
  A hornet (Lair:2)
  3 nagas (Snake:4)
9 creatures vanquished.

Vanquished Creatures (others)
  A deep elf blademaster (Elf:2)
  A deep elf sorcerer (Elf:3)
  A deep elf annihilator (Elf:2)
  A deep elf knight (Elf:3)
  A swamp dragon (shapeshifter) (Elf:3)
  A deep elf archer (Elf:3)
  4 deep elf magi
  12 fungi
  23 plants
45 creatures vanquished.

Grand Total: 1151 creatures vanquished

Notes
Turn   | Place    | Note
-------+----------+-------------------------------------------
     0 | D:1      | Misa the Gargoyle Berserker began the quest for the Orb.
     0 | D:1      | Reached XP level 1. HP: 14/14 MP: 1/1
   468 | D:1      | Reached XP level 2. HP: 19/19 MP: 2/2
  1047 | D:2      | Reached XP level 3. HP: 21/24 MP: 3/3
  1135 | D:2      | Reached ** piety under Trog
  1334 | D:2      | Found a white marble altar of Elyvilon.
  1335 | D:2      | Found a blossoming altar of Fedhas.
  1480 | D:2      | Noticed Jessica
  1490 | D:2      | Killed Jessica
  1490 | D:2      | Reached skill level 4 in Fighting
  1490 | D:2      | Reached XP level 4. HP: 29/29 MP: 4/4
  2313 | D:3      | You fall into a shaft and drop 3 floors!
  2374 | D:5      | Entered Level 5 of the Dungeon
  2374 | D:5      | Noticed a sky beast
  2421 | D:6      | Reached XP level 5. HP: 31/34 MP: 5/5
  2696 | D:4      | Found a bloodstained altar of Trog.
  3434 | D:4      | Noticed a phantom
  3451 | D:4      | Reached XP level 6. HP: 40/40 MP: 6/6
  3523 | D:4      | Killed a phantom
  3523 | D:4      | Reached skill level 5 in Fighting
  3754 | D:4      | Reached *** piety under Trog
  3778 | D:4      | Noticed Robin
  3820 | D:4      | Killed Robin
  3978 | D:4      | Found a staircase to the Ecumenical Temple.
  4333 | D:4      | Reached XP level 7. HP: 44/44 MP: 7/7
  4549 | D:5      | Reached skill level 5 in Armour
  4882 | D:5      | Reached skill level 6 in Fighting
  4882 | D:5      | Reached skill level 5 in Axes
  4952 | D:5      | Noticed a hippogriff
  5093 | D:5      | Reached XP level 8. HP: 52/52 MP: 8/8
  5833 | D:6      | Found a snail-covered altar of Cheibriados.
  5887 | D:6      | Found a shadowy altar of Dithmenos.
  6400 | D:7      | Reached skill level 7 in Fighting
  6421 | D:7      | Reached **** piety under Trog
  6462 | D:7      | Found an opulent altar of Gozag.
  6462 | D:7      | Found a sparkling altar of Nemelex Xobeh.
  6662 | D:7      | Reached XP level 9. HP: 33/58 MP: 9/9
  6791 | D:7      | Reached skill level 8 in Fighting
  7319 | D:7      | Found a basalt altar of Yredelemnul.
  7720 | D:8      | Found a shimmering altar of Xom.
  7722 | D:8      | Found a shimmering altar of Xom.
  7723 | D:8      | Found a shimmering altar of Xom.
  7802 | D:8      | Reached ***** piety under Trog
  7855 | D:8      | Found a shimmering altar of Xom.
  7856 | D:8      | Found a shimmering altar of Xom.
  7869 | D:8      | Found Xufytrix's Antique Armour Emporium.
  7877 | D:8      | Bought a citrine-encrusted chain mail for 171 gold pieces
  7887 | D:8      | Identified the +1 chain mail of Decompression {rF+ rC+ MR+
                  | Str-5} (You bought it in a shop on level 8 of the Dungeon)
  7904 | D:8      | Reached skill level 9 in Fighting
  8089 | D:8      | Reached XP level 10. HP: 58/66 MP: 10/10
  8192 | D:8      | Found a glowing golden altar of the Shining One.
  8235 | D:8      | Found a shattered altar of Ashenzari.
  8467 | D:8      | Received a gift from Trog
  9176 | D:10     | Entered Level 10 of the Dungeon
  9314 | D:10     | Found a staircase to the Orcish Mines.
  9414 | D:10     | Reached skill level 10 in Fighting
 10253 | D:11     | Reached skill level 10 in Armour
 10708 | D:11     | Found a staircase to the Lair.
 10939 | D:11     | Noticed a manticore
 10954 | D:11     | Killed a manticore
 11012 | D:11     | Noticed a cyclops
 11028 | D:11     | Killed a cyclops
 11028 | D:11     | Reached XP level 11. HP: 73/73 MP: 11/11
 11158 | D:11     | Found a shattered altar of Ashenzari.
 11168 | D:11     | Reached skill level 11 in Fighting
 11216 | D:11     | Noticed a five-headed hydra
 11276 | D:11     | Killed a one-headed hydra
 11494 | D:11     | Found a runed translucent gate.
 11494 | D:11     | Found a runed translucent gate.
 11494 | D:11     | Found a runed translucent gate.
 11494 | D:11     | Noticed harlaan's ghost (novice DESu)
 11494 | D:11     | Noticed a nine-headed hydra
 11494 | D:11     | Noticed a ten-headed hydra
 11601 | D:11     | Noticed an eight-headed hydra
 11607 | D:11     | Killed a five-headed hydra
 12099 | Lair:1   | Entered Level 1 of the Lair of Beasts
 12260 | Lair:1   | Reached skill level 10 in Axes
 12449 | Lair:1   | Found a radiant altar of Vehumet.
 13055 | Lair:2   | Noticed Harold
 13067 | Lair:2   | Killed Harold
 13067 | Lair:2   | Received a gift from Trog
 13067 | Lair:2   | Reached skill level 12 in Fighting
 13420 | Lair:2   | Reached XP level 12. HP: 60/81 MP: 12/12
 14006 | Lair:2   | Noticed Maggie
 14018 | Lair:2   | Killed Maggie
 14153 | Lair:2   | Noticed a five-headed hydra
 14172 | Lair:2   | Killed a one-headed hydra
 14317 | Lair:2   | Noticed a four-headed hydra
 14324 | Lair:2   | Killed a one-headed hydra
 14336 | Lair:2   | Found a staircase to the Swamp.
 15024 | Lair:2   | Reached skill level 13 in Fighting
 15430 | Lair:3   | Found a staircase to the Snake Pit.
 15469 | Lair:3   | Noticed a four-headed hydra
 15477 | Lair:3   | Killed a one-headed hydra
 15607 | Lair:3   | Found an opulent altar of Gozag.
 16113 | Lair:4   | Reached XP level 13. HP: 87/88 MP: 13/13
 17224 | Lair:5   | Noticed Nessos
 17322 | Lair:5   | Killed Nessos
 17382 | Lair:5   | Reached skill level 14 in Fighting
 17600 | Lair:5   | Received a gift from Trog
 17845 | Lair:6   | Entered Level 6 of the Lair of Beasts
 17847 | Lair:6   | Noticed Kirke
 17884 | Lair:5   | Killed Kirke
 18133 | Lair:6   | Found a staircase to the Slime Pits.
 18233 | Lair:6   | Found the +9 sword of Zonguldrok {reap}
 18489 | Lair:5   | Gained mutation: Your large and strong wings let you fly
                  | indefinitely. [Gargoyle growth]
 18489 | Lair:5   | Reached XP level 14. HP: 82/96 MP: 14/14
 18801 | Lair:6   | Reached skill level 15 in Fighting
 19127 | Lair:6   | Reached skill level 15 in Armour
 19833 | Orc:1    | Entered Level 1 of the Orcish Mines
 20135 | Orc:2    | Entered Level 2 of the Orcish Mines
 20138 | Orc:2    | Received a gift from Trog
 20586 | Orc:1    | Found a roughly hewn altar of Beogh.
 21039 | Orc:2    | Found Vamupyc's Jewellery Shoppe.
 21049 | Orc:2    | Found Nidaos's Book Emporium.
 21244 | Orc:2    | Found a roughly hewn altar of Beogh.
 21760 | Orc:2    | Received a gift from Trog
 22057 | Orc:2    | Found a staircase to the Elven Halls.
 22325 | Orc:2    | Noticed an orc warlord
 22388 | Orc:2    | Killed an orc warlord
 22644 | Orc:2    | Reached XP level 15. HP: 104/104 MP: 15/15
 22729 | Orc:2    | Reached skill level 16 in Fighting
 22830 | Orc:2    | Found a roughly hewn altar of Beogh.
 22953 | Orc:2    | Found Ucinid's General Store.
 22961 | Orc:2    | Bought a potion of resistance for 170 gold pieces
 23014 | Orc:2    | Found Inium's Antique Armour Boutique.
 23105 | Orc:2    | Bought an ichor-stained ring mail for 333 gold pieces
 23115 | Orc:2    | Identified the +0 ring mail "Damnable Contraption" {rElec
                  | rC+ MR+} (You bought it in a shop on level 2 of the Orcish
                  | Mines)
 23411 | D:12     | Received a gift from Trog
 23518 | D:12     | Noticed Urug
 23522 | D:12     | Reached ****** piety under Trog
 23531 | D:12     | Killed Urug
 24601 | D:13     | Found a gate to the Vaults.
 24887 | D:13     | Noticed Maurice
 24890 | D:13     | Killed Maurice
 25090 | D:13     | Found a glowing silver altar of Zin.
 25867 | Lair:6   | Found a burning altar of Makhleb.
 25921 | Lair:6   | Reached skill level 17 in Fighting
 25976 | Lair:6   | Received a gift from Trog
 25987 | Lair:6   | Got a pitted broad axe {god gift}
 25988 | Lair:6   | Identified the +6 broad axe of Eternal Harmony {vorpal,
                  | Dex+2} (Trog gifted it to you on level 6 of the Lair of
                  | Beasts)
 26061 | Lair:6   | Found a gateway to Hell.
 26085 | Lair:6   | Found the cursed +13 scythe of Curses {drain, *Curse}
 26269 | Snake:1  | Entered Level 1 of the Snake Pit
 26758 | Snake:1  | Reached skill level 15 in Axes
 26955 | Snake:1  | Reached skill level 1 in Polearms
 26959 | Snake:1  | Reached XP level 16. HP: 107/112 MP: 16/16
 27682 | Snake:2  | Received a gift from Trog
 27717 | Snake:3  | Noticed Asterion
 27731 | Snake:2  | Killed Asterion
 27979 | Snake:3  | Reached skill level 18 in Fighting
 28319 | Snake:3  | Noticed a nagaraja
 28325 | Snake:3  | Killed a nagaraja
 28333 | Snake:3  | Reached skill level 5 in Polearms
 28614 | Snake:4  | Entered Level 4 of the Snake Pit
 28630 | Snake:4  | Received a gift from Trog
 28892 | Snake:2  | You are sucked into a shaft and drop 1 floor!
 29189 | Snake:2  | Reached XP level 17. HP: 118/120 MP: 17/17
 30615 | Snake:4  | Received a gift from Trog
 31039 | Snake:4  | Reached skill level 19 in Fighting
 31053 | Snake:4  | Got a serpentine rune of Zot
 31574 | Elf:1    | Entered Level 1 of the Elven Halls
 31805 | Swamp:1  | Entered Level 1 of the Swamp
 31809 | Swamp:2  | Noticed Frances
 32036 | Swamp:1  | Received a gift from Trog
 32468 | Orc:2    | Reached XP level 18. HP: 101/128 MP: 18/18
 33619 | D:14     | Found a shimmering altar of Xom.
 33628 | D:15     | Entered Level 15 of the Dungeon
 34289 | D:15     | Received a gift from Trog
 34372 | D:15     | Found a staircase to the Depths.
 34817 | Depths:1 | Entered Level 1 of the Depths
 36325 | Elf:1    | Received a gift from Trog
 36339 | Elf:1    | Found Alaul's Assorted Antiques.
 36347 | Elf:1    | Bought a potion of berserk rage for 195 gold pieces
 36347 | Elf:1    | Bought a scroll of identify for 78 gold pieces
 36347 | Elf:1    | Bought a scroll of magic mapping for 136 gold pieces
 36347 | Elf:1    | Bought a potion of curing for 117 gold pieces
 37142 | Elf:2    | Found a runed translucent gate.
 37142 | Elf:2    | Found a runed translucent gate.
 37142 | Elf:2    | Found a runed translucent gate.
 37663 | Elf:2    | Reached XP level 19. HP: 122/134 MP: 19/19
 37731 | Elf:2    | Reached skill level 20 in Fighting
 37851 | Elf:2    | Received a gift from Trog
 38110 | Elf:3    | Entered Level 3 of the Elven Halls
 38150 | Elf:3    | Found Migoxyjef's Magic Scroll Shoppe.
 38160 | Elf:3    | Bought a scroll of identify for 30 gold pieces
 38160 | Elf:3    | Bought a scroll of magic mapping for 52 gold pieces
 38160 | Elf:3    | Bought 2 scrolls of identify for 60 gold pieces
 38160 | Elf:3    | Bought a scroll of teleportation for 45 gold pieces
 38160 | Elf:3    | Bought a scroll of teleportation for 45 gold pieces
 38160 | Elf:3    | Bought a scroll of identify for 30 gold pieces
 38160 | Elf:3    | Bought a scroll of identify for 30 gold pieces
 38160 | Elf:3    | Bought a scroll of teleportation for 45 gold pieces
 38160 | Elf:3    | Bought a scroll of identify for 30 gold pieces
 38160 | Elf:3    | Bought a scroll of identify for 30 gold pieces
 39714 | Elf:3    | Received a gift from Trog
 41361 | Elf:3    | Identified the +8 great sword "Upteroam" {antimagic, +Inv
                  | rN+ Int+2}
 41377 | Elf:3    | HP: 4/136 [deep elf sorcerer/damnation (35)]
 41387 | Elf:3    | HP: 4/204 [acid (12)]
 41392 | Elf:3    | Splashed by a deep elf sorcerer's acid

Illustrated notes

Levels and vault maps discovered:
D:1:      dpeg_arrival_castle, layout_basic, chequers_serial_rivers_small_b
D:2:      layout_loops_corners, grunt_temple_overflow_open, uniq_jessica
D:3:      layout_loops_ring
D:4:      layout_layer_cave, lemuel_crystal_altar,
          minmay_temple_entry_butterflies, grunt_ministairs_14, uniq_robin
D:5:      layout_loops_ring, lightli_corner_chamber
D:6:      layout_loops_ring, lemuel_doored_altar, lemuel_crystal_altar,
          serial_rivers, chequers_serial_rivers_micro_c,
          chequers_serial_rivers_micro_a, chequers_serial_rivers_micro_b,
          chequers_serial_rivers_room_a, chequers_serial_rivers_small_3,
          chequers_serial_rivers_marsh
D:7:      kennysheep_housing_project, layout_rooms,
          grunt_temple_overflow_opulence, overflow_temple_1_default
D:8:      layout_basic, xom_redecorated, cheibrodos_ashenzari_chains,
          old_standard_altar, serial_shops, shop
D:9:      layout_cave_pools, serial_column_ruins, column_ruins_hut,
          column_ruins_open_small, column_ruins_grid_4, column_ruins_grid_1,
          column_ruins_open_medium, column_ruins_columns_straight
D:10:     layout_basic, minmay_orc_entry_guard_dogs
D:11:     layout_loops_ring, david_lair_shrubbed, gammafunk_ghost_hydra_chop,
          basic_altar
D:12:     layout_stronghold, uniq_urug
D:13:     layout_loops_corners, grunt_vaults_entry_fortified, chequers_jeans,
          lemuel_centaur_altar, uniq_maurice
D:14:     layout_basic, hex_intersection, lemuel_statue_altar
D:15:     grunt_enter_depths_hoard, layout_loops_ring, chequers_decorated_corner
Lair:1:   layout_cave_pods, basic_altar, infiniplex_staircase_pool_2,
          serial_bayou_shore_b, grunt_megastairs_2
Lair:2:   layout_roguey, palyth_hydra_swamp_entry, uniq_maggie, uniq_harold
Lair:3:   layout_regular_city, minmay_snake_entry_guardpost_medium, basic_altar,
          chequers_serial_rivers_small_b, serial_bayou_shore_a
Lair:4:   layout_gridlike, grunt_megastairs_5
Lair:5:   layout_roguey, infiniplex_staircase_pool, uniq_nessos
Lair:6:   evil_forest, layout_regular_city, slime_dummy, minmay_lindwurm_lava,
          minmay_lair_oklob_chamber, serial_bayou_shore_b, grunt_megastairs_3,
          uniq_kirke
Swamp:1:  gammafunk_worm_tunnel, layout_falls_marsh, evilmike_swamp_ruin_house_2
Swamp:2:  layout_falls_marsh, nicolae_swamp_feature_on_the_river_bank,
          nicolae_swamp_stair_fork, uniq_roxanne, uniq_frances
Snake:1:  layout_basic
Snake:2:  layout_misc_corridors
Snake:3:  layout_misc_corridors, evilmike_ambush [evilmike_ambush_outer_doors,
          evilmike_ambush_inner_basic], uniq_asterion
Snake:4:  grunt_snake_rune_pools, layout_cave_shapes
Orc:1:    layout_caves, basic_altar
Orc:2:    pubby_orc_utopia
Elf:1:    elf_arrival_002, layout_loops_ring, serial_shops, shop,
          minmay_elf_crystal_hexagon
Elf:2:    layout_rooms, grunt_ministairs_7
Elf:3:    minmay_elf_hall_hex, layout_geoelf_diagonals, serial_shops, shop,
          grunt_ministairs_13
Depths:1: layout_roguey, rand_demon_pan_entry_5, pf_hell_entry_great_geh,
          special_room [special_room_jelly], abyss_entry,
          chequers_serial_rivers_micro_e, minmay_mirror_moons_of_madness
Depths:2: minmay_the_grid_triangle_9x9_recursive_3
          [minmay_the_grid_triangle_9x9_odd_lines,
          minmay_the_grid_triangle_9x9_shrine,
          minmay_the_grid_triangle_9x9_minimal,
          minmay_the_grid_triangle_9x9_prize_top_heavy,
          minmay_the_grid_triangle_9x9_sprig,
          minmay_the_grid_triangle_9x9_swiss_cheese,
          minmay_the_grid_triangle_9x9_warning,
          minmay_the_grid_triangle_9x9_from_above,
          minmay_the_grid_triangle_9x9_descending_squares], layout_small_grid,
          abandoned_shop, grunt_hell_entry_dis_grunt, grunt_pan_entry_zigzag,
          serial_shops, shop

Skill      XL: |  1  2  3  4  5  6  7  8  9 10 11 12 13 14 15 16 17 18 19 |
---------------+----------------------------------------------------------+-----
Axes           | 3 4 5 6 7 9 10 11 12 13 15 16 17 18 | 18.0
Armour         | 3 4 5 7 9 10 11 13 14 15 16 17 18 19 | 19.2
Fighting       | 4 5 6 7 9 10 12 13 14 15 17 18 19 20 | 20.6
Polearms       | 1 5 7 8 |  8.9
Dodging        | |  1.8

Action                   |  1- 3 |  4- 6 |  7- 9 | 10-12 | 13-15 | 16-18 | 19-21 || total
-------------------------+-------+-------+-------+-------+-------+-------+-------++-------
Melee: Hand axe          |   119 |   235 |       |   591 |  1046 |       |       ||  1991
       Broad axe         |       |     5 |   352 |       |       |       |       ||   357
       Battleaxe         |       |       |    23 |    30 |       |       |       ||    53
       Unarmed           |       |       |       |       |    14 |       |       ||    14
       Executioner's axe |       |       |       |       |   343 |   205 |   234 ||   782
       Scythe            |       |       |       |       |    21 |   935 |       ||   956
Throw: Javelin           |       |       |       |       |    25 |       |       ||    25
Invok: Berserk           |       |     1 |     4 |    10 |     8 |     9 |     2 ||    34
       Trog's Hand       |       |       |       |     1 |       |     3 |     5 ||     9
       Brothers in Arms  |       |       |       |       |       |     5 |     1 ||     6
 Abil: Fly               |       |       |       |       |     1 |       |       ||     1
  Use: Scroll            |       |       |     3 |     2 |    25 |     9 |     2 ||    41
       Potion            |       |       |       |       |       |     1 |     1 ||     2
 Stab: Sleeping          |     2 |     2 |       |       |       |       |       ||     4
       Distracted        |       |       |       |       |       |     1 |     1 ||     2
Armor: Animal skin       |    48 |    38 |       |       |       |       |       ||    86
       Chain mail        |       |    47 |       |   365 |   677 |   171 |   248 ||  1508
       Plate armour      |       |    36 |       |       |   310 |   986 |       ||  1332
       Ring mail         |       |     2 |   302 |    32 |       |       |       ||   336
Dodge: Dodged            |    75 |   126 |   256 |   242 |   544 |   463 |   107 ||  1813
Block: Buckler           |       |       |       |       |    89 |       |       ||    89

Table legend:
 A = Non-vault XP
 B = Vault XP
 C = Vault XP percentage of total XP
 D = Non-vault monster count
 E = Vault monster count
 F = Vault count percentage of total count
                 A         B        C        D         E       F
            +---------+---------+-------+---------+---------+-------
      Total |  203617 |  181287 |  47.1 |     692 |     409 |  37.1
            +---------+---------+-------+---------+---------+-------
        D:1 |      28 |       0 |   0.0 |      19 |       0 |   0.0
        D:2 |      36 |      37 |  50.7 |      16 |       1 |   5.9
        D:3 |      61 |       0 |   0.0 |      15 |       0 |   0.0
        D:4 |     338 |      57 |  14.4 |      16 |      15 |  48.4
        D:5 |     660 |       0 |   0.0 |      21 |       0 |   0.0
        D:6 |     434 |       0 |   0.0 |      12 |       0 |   0.0
        D:7 |     949 |     910 |  49.0 |      17 |      30 |  63.8
        D:8 |    1441 |       0 |   0.0 |      20 |       0 |   0.0
        D:9 |     578 |       0 |   0.0 |      12 |       0 |   0.0
       D:10 |    1143 |     677 |  37.2 |      13 |       4 |  23.5
       D:11 |    5955 |     361 |   5.7 |      36 |       1 |   2.7
       D:12 |    5648 |     831 |  12.8 |      39 |       1 |   2.5
       D:13 |    8493 |    7917 |  48.2 |      32 |      15 |  31.9
       D:14 |    5118 |       0 |   0.0 |      24 |       0 |   0.0
       D:15 |    5516 |    1875 |  25.4 |      18 |       2 |  10.0
     Lair:1 |    1764 |     497 |  22.0 |       9 |       3 |  25.0
     Lair:2 |    7356 |    3860 |  34.4 |      32 |       9 |  22.0
     Lair:3 |    2993 |     975 |  24.6 |      11 |       6 |  35.3
     Lair:4 |    4165 |     901 |  17.8 |      22 |       3 |  12.0
     Lair:5 |    7484 |    4113 |  35.5 |      25 |       5 |  16.7
     Lair:6 |   11849 |   12475 |  51.3 |      30 |      31 |  50.8
    Swamp:1 |    5185 |       0 |   0.0 |      10 |       0 |   0.0
    Snake:1 |   23509 |       0 |   0.0 |      52 |       0 |   0.0
    Snake:2 |   16414 |    1981 |  10.8 |      33 |       1 |   2.9
    Snake:3 |    9475 |   12644 |  57.2 |      21 |      21 |  50.0
    Snake:4 |   16224 |   38194 |  70.2 |      26 |      57 |  68.7
      Orc:1 |     824 |       0 |   0.0 |      16 |       0 |   0.0
      Orc:2 |    2040 |   24626 |  92.3 |       4 |     140 |  97.2
      Elf:1 |   21703 |    4921 |  18.5 |      35 |       9 |  20.5
      Elf:2 |    9536 |   35364 |  78.8 |      17 |      36 |  67.9
      Elf:3 |   18625 |   23796 |  56.1 |      30 |      17 |  36.2
   Depths:1 |    8073 |    4275 |  34.6 |       9 |       2 |  18.2
            +---------+---------+-------+---------+---------+-------
